 Dungeon Crawl Stone Soup version 0.19-a0-1704-gbd66c22 (webtiles) character file.

80 TheGoonsmith the Firebug (level 4, 0/24 HPs)
             Began as a Deep Elf Fire Elementalist on Sept 27, 2016.
             Killed from afar by Sigmund (3 damage)
             ... with a puff of flame
             ... on level 2 of the Dungeon.
             The game lasted 00:03:02 (1662 turns).

TheGoonsmith the Firebug (DEFE)                     Turns: 1662, Time: 00:03:02

Health: 0/24       AC:  4    Str:  5    XL:     4   Next: 18%
Magic:  11/11      EV: 13    Int: 21    God:
Gold:   155        SH:  0    Dex: 15    Spells: 3 memorised, 2 levels left

rFire  . . .     SeeInvis .     l - +0 mace
rCold  . . .     Gourm    .     a - +0 robe
rNeg   . . .     Faith    .     (no shield)
rPois  .         Spirit   .     (no helmet)
rElec  .         Dismiss  .     (no cloak)
rCorr  .         Reflect  .     n - +0 pair of gloves
MR     .....     Harm     .     (no boots)
Stlth  ++........               (no amulet)
                                (no ring)
                                (no ring)

@: no status effects
A: no striking features
a: no special abilities


You were on level 2 of the Dungeon.
You were not hungry.

You visited 1 branch of the dungeon, and saw 4 of its levels.

You collected 155 gold pieces.

Inventory:

Hand Weapons
 j - a +0 dagger
 l - a +0 mace (weapon)
Missiles
 i - 31 poisoned needles
Armour
 a - a +0 robe (worn)
 n - a +0 pair of gloves (worn)
Jewellery
 d - an uncursed ring of protection from fire {unknown}
Scrolls
 e - a scroll of noise {unknown}
 f - a scroll of recharging {unknown}
 g - a scroll of identify {unknown}
 h - a scroll of fog {unknown}
 m - 2 scrolls of remove curse {unknown}
 t - a scroll of fear {unknown}
Potions
 k - a potion of cancellation {unknown}
 o - a potion of curing {unknown}
 q - a potion of mutation {unknown}
 r - a potion of lignification {unknown}
Books
 b - a book of Flames

   Spells                             Type                      Level
   a - Flame Tongue                   Conjuration/Fire             1
   b - Throw Flame                    Conjuration/Fire             2
   c - Conjure Flame                  Conjuration/Fire             3
   d - Inner Flame                    Hexes/Fire                   3
   e - Sticky Flame                   Conjuration/Fire             4
   f - Fireball                       Conjuration/Fire             5
Comestibles
 c - 5 bread rations
 p - 5 fruits
 s - 2 chunks of flesh


   Skills:
 - Level 2.4 Dodging
 - Level 2.4 Stealth
 + Level 3.5 Spellcasting
 * Level 3.6 Conjurations
 + Level 3.8 Fire Magic


You had 2 spell levels left.
You knew the following spells:

 Your Spells              Type           Power        Failure   Level  Hunger
a - Flame Tongue          Conj/Fire      ###..        2%          1    None
c - Conjure Flame         Conj/Fire      ###.....     10%         3    ###....
s - Sticky Flame          Conj/Fire      ###.....     28%         4    ####...


Dungeon Overview and Level Annotations

Branches:
Dungeon (4/15)
 Temple: D:4-7

Altars:

Annotations:
D:2 Sigmund
D:3 tijit's ghost, amateur TrHu


Message History

You bump into the rock wall.
You're too confused to move!
You feel less confused. Something hits you but does no damage.
There is a stone staircase leading down here.
You see here 23 sling bullets.
Something tries to affect you, but you resist.
You are confused.
Something hits you.
You bump into the rock wall.
Something hits you!
Ouch! That really hurt!
* * * LOW HITPOINT WARNING * * *
You feel less confused.
Something tries to affect you, but you resist.
Okay, then.
Sigmund appears from thin air!
Reactivating autopickup.
Sigmund points at you and mumbles some strange words.
The puff of flame hits you!
You die...

#.# #.# #.# ##########
#.#######.#.#
#........#.####.#.........#
#.######.# ...#.##.####.###
##.####<#.####.#.#..#..# #
...................>#..#†#
##.####.#.####.#@...#....#
#.# #.#.####.#.#....####
#.####.#.#.†..#.(..###
#....#.#.#(####.##.#
####.#...#.# #.##.#
#.#####.# #@##.#
#####.......# #.##.#
...)........# #.##.#
###########.## #.##.#


You could see Sigmund.

Vanquished Creatures
  2 gnolls (D:4)
  An adder (D:3)
  5 orcs (D:3)
  A ball python (D:1)
  6 bats
  9 giant cockroaches (D:3)
  4 goblins
  2 hobgoblins (D:1)
  2 jackals (D:1)
  A frilled lizard (D:2)
  3 kobolds
  4 rats
40 creatures vanquished.

Notes
Turn   | Place    | Note
-------+----------+-------------------------------------------
     0 | D:1      | TheGoonsmith the Deep Elf Fire Elementalist began the quest for the Orb.
     0 | D:1      | Reached XP level 1. HP: 10/10 MP: 6/6
   221 | D:1      | Reached XP level 2. HP: 14/15 MP: 2/8
   652 | D:2      | You fall through a shaft!
   878 | D:3      | Reached XP level 3. HP: 19/19 MP: 5/9
  1318 | D:3      | Reached XP level 4. HP: 21/24 MP: 2/11
  1326 | D:3      | Learned a level 4 spell: Sticky Flame
  1330 | D:3      | Learned a level 3 spell: Conjure Flame
  1531 | D:3      | Noticed tijit's ghost (amateur TrHu)
  1605 | D:2      | Noticed Sigmund
  1662 | D:2      | Killed from afar by Sigmund

Vault maps used:
D:1:      nicolae_arrival_memento_mori
D:2:      uniq_sigmund
D:3:      minmay_roachtagon, first_bread

Skill      XL: |  1  2  3 |
---------------+----------+-----
Conjurations   | 2 3 |  3.6
Dodging        | |  2.4
Stealth        | |  2.4
Spellcasting   | |  3.5
Fire Magic     | |  3.8

Action                   |  1- 3 |  4- 6 || total
-------------------------+-------+-------++-------
Melee: Unarmed           |    12 |       ||    12
       Mace              |    18 |       ||    18
 Cast: Flame Tongue      |    67 |    15 ||    82
  Eat: Chunk             |     1 |     1 ||     2
Armor: Robe              |    22 |     3 ||    25
Dodge: Dodged            |    56 |     6 ||    62
